 Dungeon Crawl Stone Soup version 0.30-a0-622-gddc90eaa04 (webtiles) character file.

Game seed: 7682414596708964555

22903 porpoise the Cleaver (level 13, -13/106 HPs)
             Began as a Formicid Fighter on Jan 11, 2023.
             Was a Priest of Qazlal.
             Mangled by Rupert
             ... wielding a +4 triple sword of freezing
              (41 damage)
             ... on level 12 of the Dungeon.
             The game lasted 00:57:21 (14129 turns).

porpoise the Cleaver (Formicid Fighter)            Turns: 14129, Time: 00:57:21

Health: -13/106    AC: 18    Str: 24    XL:     13   Next: 31%
Magic:  0/17       EV: 15    Int: 10    God:    Qazlal [***...]
Gold:   2178       SH: 18    Dex: 20    Spells: 12/12 levels left

rFire   + . .      SeeInvis +    a - +1 battleaxe
rCold   . . .      Faith    .    G - +2 kite shield
rNeg    . . .      Spirit   +    h - +5 chain mail of Depression {SInv}
rPois   +          Reflect  .    (helmet unavailable)
rElec   +          Harm     .    s - +0 cloak {Will+}
rCorr   .          Rampage  .    (no gloves)
Will    ++...                    x - +0 pair of boots of Conscience {rElec rPois rF+ Str+2} Stlth
                                 m - amulet of guardian spirit
HPRegen 0.37/turn                g - ring "Qayhin" {EV+5 Dex+5}
MPRegen 0.15/turn                H - +4 ring of slaying

@: invisible (expiring)
A: permanent stasis, dig shafts and tunnels, antennae 3, four strong arms
a: Dig, Shaft Self, Renounce Religion, Upheaval, Elemental Force


You were on level 12 of the Dungeon.
You worshipped Qazlal.
Qazlal was most pleased with you.
You visited 3 branches of the dungeon, and saw 14 of its levels.
You also visited: Ossuary and Bailey.

You collected 2178 gold pieces.

Inventory:

Hand Weapons
 a - a +1 battleaxe (weapon)
 b - a +1 demon whip of venom
 n - a +0 broad axe
 o - a +2 war axe of freezing
 q - a +0 broad axe
 v - a +0 broad axe
Missiles
 f - 17 atropa-tipped darts (quivered)
 i - 26 boomerangs
 l - 24 poisoned darts
 N - 2 throwing nets
 O - 9 curare-tipped darts
Armour
 c - a +1 buckler
 h - the +5 chain mail of Depression (worn) {SInv}
   (You found it on level 10 of the Dungeon)

   SInv:      It lets you see invisible.
 s - a +0 cloak of willpower (worn)
 u - a +3 ring mail
 x - the +0 pair of boots of Conscience (worn) {rElec rPois rF+ Str+2}
   (You found it on level 4 of the Dungeon)

   Str:       It affects your strength (+2).
   rF:        It protects you from fire.
   rElec:     It insulates you from electricity.
   rPois:     It protects you from poison.
 z - a +2 leather armour of poison resistance
 D - the +5 ring mail "Eptamyi" {rElec}
   (You found it on level 10 of the Dungeon)

   rElec:     It insulates you from electricity.
 G - a +2 kite shield (worn)
 T - a +0 troll leather armour
Jewellery
 g - the ring "Qayhin" (left hand) {EV+5 Dex+5}
   (You acquired it on level 10 of the Dungeon)

   [ring of evasion]

   EV:        It affects your evasion (+5).
   Dex:       It affects your dexterity (+5).
 m - an amulet of guardian spirit (around neck)
 B - a ring of willpower
 C - a ring of protection from fire
 H - a +4 ring of slaying (right hand)
 J - a ring of resist corrosion
 R - a ring of positive energy
 S - a ring of flight
Wands
 E - a wand of flame (19)
 I - a wand of paralysis (3)
 Q - a wand of roots (4)
 Z - a wand of acid (5)
Scrolls
 t - a scroll of vulnerability
 y - 4 scrolls of identify
 A - a scroll of enchant armour
 F - 2 scrolls of poison
 K - a scroll of fog
 P - a scroll of enchant weapon
Potions
 d - 4 potions of might
 e - 3 potions of curing
 j - 2 potions of lignification
 k - 3 potions of ambrosia
 p - 4 potions of attraction
 r - 5 potions of resistance
 w - 2 potions of flight
 L - 2 potions of mutation
 W - a potion of heal wounds


   Skills:
 + Level 11.3 Fighting
 + Level 14.7(15.0) Axes
 - Level 4.3(10.5) Maces & Flails
 - Level 7.0 Armour
 - Level 5.0 Dodging
 - Level 9.0 Shields
 + Level 6.6 Invocations


You had 12 spell levels left.
You didn't know any spells.
Your spell library contained the following spells:

 Spells                   Type           Power      Damage    Failure   Level
 Summon Small Mammal      Summ           0%         N/A       99%         1
 Call Canine Familiar     Summ           0%         N/A       100%        3
 Portal Projectile        Hex/Tloc       0%         N/A       100%        3
 Summon Guardian Golem    Hex/Summ       0%         N/A       100%        3
 Leda's Liquefaction      Hex/Erth       0%         N/A       100%        4
 Lee's Rapid Deconstruct  Erth           0%         3d4*      100%        5
 Statue Form              Tmut/Erth      0%         N/A       100%        6
 Monstrous Menagerie      Summ           0%         N/A       100%        7
 Chain Lightning          Conj/Air       0%         N/A       100%        9


Dungeon Overview and Level Annotations

Branches:
Dungeon (12/15)            Temple (1/1) D:6            Lair (1/5) D:9
    Orc (0/2) D:11        Ossuary (visited)          Bailey (visited)

Altars:
Ashenzari
Cheibriados
Dithmenos
Elyvilon
Fedhas
Gozag
Hepliaklqana
Kikubaaqudgha
Makhleb
Nemelex Xobeh
Okawaru
Qazlal
Ru
Sif Muna
Trog
Uskayaw
Vehumet
Wu Jian
Xom
Yredelemnul
Zin
The Shining One

Shops:
D:2 :   D:3 (

Annotations:
D:11 3 runed translucent doors, testman's ghost, journeyman FoFi
D:12 Rupert


Innate Abilities, Weirdness & Mutations

You cannot be hasted, slowed, berserked, paralysed or teleported.
You can dig through walls and to a lower floor.
You have a pair of large antennae on your head. (SInv)
Your four strong arms can wield two-handed weapons with a shield.


Message History

Rupert closely misses you.
You hit Rupert.
Rupert is heavily wounded.
You slash the boulder beetle! You block Rupert's attack.
The boulder beetle is engulfed in freezing vapours.
The boulder beetle completely misses you.
You slash Rupert!
Rupert is severely wounded.
You hit the boulder beetle but do no damage.
Rupert barely misses you.
The boulder beetle is engulfed in freezing vapours.
You block the boulder beetle's attack.
Rupert hits you with a +4 triple sword of freezing.
Rupert freezes you.
You slash Rupert!
Rupert is severely wounded.
You slash the boulder beetle! You block Rupert's attack.
The boulder beetle bites you but does no damage.
Rupert hits you with a +4 triple sword of freezing!!
* * * LOW HITPOINT WARNING * * *
Rupert freezes you.
* * * LOW HITPOINT WARNING * * *
The boulder beetle waves its antennae.
You hear a shout!
You slash Rupert!
Rupert is severely wounded.
You barely miss the boulder beetle. Rupert misses you.
You block the boulder beetle's attack. Rupert closely misses you.
The boulder beetle bites you.
* * * LOW HITPOINT WARNING * * *
You flicker for a moment.
A cyclops comes into view.
Rupert hits you with a +4 triple sword of freezing!!
* * * LOW HITPOINT WARNING * * *
Rupert freezes you.
* * * LOW HITPOINT WARNING * * *
You feel much better.
The cyclops shouts!
Rupert hits you with a +4 triple sword of freezing!!!
You die...

)..#..###+#............#
...#..##..#....#########
...##'##..#....#
...#......'....#
...#......#....#
...#......#....#
...#......#....#
...#...^..#...)###########
...#..##..#.....@@B.......
...#..##..#.^...##......!.
...#..'...#.....##..####'#
...#..#...#........#8..#
).....#...###'####.#....#
###...##..+ C.. #.#...#..
#.###...#.... #.# .#$#.
### #...##... ..' #.#?#
#### #...# # #.# ..#.


You could see Rupert (berserk, unable to see you), a boulder beetle (unable to
see you) and a cyclops (wandering, unable to see you).

Vanquished Creatures
  Josephine (D:10)
  A boulder beetle (D:9)
  2 two-headed ogres
  Amaemon (D:8)
  A cyclops (D:11)
  A gargoyle (D:12)
  An orange demon (D:8)
  2 cane toads (Lair:1)
  2 unseen horrors
  A komodo dragon (D:11)
  5 trolls
  A tyrant leech (Lair:1)
  Grinder (D:6)
  4 hornets
  5 wraiths
  7 wyverns
  36 yaks
  A basilisk (Lair:1)
  A steam dragon (D:9)
  2 wargs (D:11)
  A swamp worm (Lair:1)
  An acid dragon (D:12)
  10 water moccasins
  11 orc warriors
  6 sky beasts
  An ice beast (D:7)
  4 centaurs
  A phantom (D:7)
  9 kobold brigands
  2 elf zombies (Ossuary)
  5 gnoll sergeants
  7 bullfrogs
  4 necrophages
  2 jellies
  6 scorpions
  18 wights
  2 electric eels
  6 howler monkeys
  3 centaur zombies
  4 hounds
  2 gnoll boudas
  5 orc priests
  A scorpion zombie (D:4)
  5 iguanas
  9 orc wizards
  A hound zombie (Ossuary)
  3 mummies (Ossuary)
  3 adders
  27 gnolls
  2 shadow imps (D:7)
  5 white imps
  2 ufetubi
  7 adder zombies
  3 worms
  A dart slug (D:1)
  34 orcs
  4 endoplasms
  6 giant cockroaches
  A gnoll zombie (Ossuary)
  6 goblins
  7 hobgoblins
  3 jackals (D:5)
  21 kobolds
  A quokka (D:5)
  6 ball pythons
  8 bats
  3 frilled lizards
  3 goblin zombies (Ossuary)
  3 hobgoblin zombies (Ossuary)
  2 jackal zombies (Ossuary)
  3 kobold zombies (Ossuary)
  2 orc zombies (Ossuary)
  7 quokka zombies (Ossuary)
  2 rats (D:3)
  3 rat zombies (Ossuary)
380 creatures vanquished.

Vanquished Creatures (others)
  A sky beast (D:7)
  A kobold brigand (D:9)
  A kobold (D:9)
  10 fungi
  39 plants
  5 toadstools (D:8)
57 creatures vanquished.

Grand Total: 437 creatures vanquished

Notes
Turn   | Place    | Note
-------+----------+-------------------------------------------
     0 | D:1      | porpoise the Formicid Fighter began the quest for the Orb.
     0 | D:1      | Reached XP level 1. HP: 18/18 MP: 1/1
   133 | D:1      | Reached XP level 2. HP: 21/24 MP: 2/2
   562 | D:1      | Reached XP level 3. HP: 28/30 MP: 3/3
   832 | D:1      | Found a faded altar of an unknown god.
  1015 | D:2      | Reached skill level 3 in Axes
  1454 | D:2      | Found Qeir's Book Emporium.
  1653 | D:3      | Found Xoque's Antique Weapon Shoppe.
  1916 | D:3      | Reached XP level 4. HP: 37/37 MP: 4/4
  2260 | D:4      | Reached skill level 4 in Axes
  2410 | D:4      | Reached XP level 5. HP: 41/42 MP: 5/5
  2449 | D:4      | Found a sparkling altar of Nemelex Xobeh.
  2453 | D:4      | Identified the +6 short sword of Duonuz {spect, rElec Int-2
                  | Dex+4 SInv}
  2487 | D:4      | Reached skill level 5 in Axes
  2487 | D:4      | Reached XP level 6. HP: 43/50 MP: 6/6
  2540 | D:4      | Identified the +0 pair of boots of Conscience {rElec rPois
                  | rF+ Str+2}
  2605 | D:4      | Reached skill level 5 in Fighting
  2646 | D:4      | Found a basalt altar of Yredelemnul.
  2851 | D:5      | Entered Level 5 of the Dungeon
  2880 | D:5      | Found a sand-covered staircase.
  2890 | Ossuary  | Entered an ossuary
  2965 | Ossuary  | Reached XP level 7. HP: 54/56 MP: 7/7
  2998 | Ossuary  | Reached skill level 6 in Axes
  3487 | D:5      | Found a blossoming altar of Fedhas.
  3706 | D:5      | Reached skill level 7 in Axes
  3781 | D:5      | Found an opulent altar of Gozag.
  3847 | D:5      | Reached XP level 8. HP: 61/64 MP: 8/8
  4231 | D:5      | HP: 1/62 [acid (7)]
  4622 | D:5      | Reached skill level 8 in Axes
  4766 | D:6      | Identified the +6 rapier of the Dancing Whale {freeze,
                  | rElec rPois Will++ Dex-3}
  4779 | D:6      | Found a staircase to the Ecumenical Temple.
  4788 | Temple   | Entered the Ecumenical Temple
  5351 | D:6      | Reached XP level 9. HP: 72/72 MP: 9/9
  5495 | D:6      | Reached skill level 9 in Axes
  5538 | D:6      | Noticed Grinder
  5558 | D:6      | Killed Grinder
  5899 | D:6      | Noticed a troll
  5904 | D:6      | Killed a troll
  5905 | D:6      | Reached skill level 5 in Armour
  6188 | D:7      | Found a shimmering blue altar of Sif Muna.
  6191 | D:7      | Found a burning altar of Makhleb.
  6194 | D:7      | Found a broken altar of Ashenzari.
  6197 | D:7      | Found an ancient bone altar of Kikubaaqudgha.
  6287 | D:7      | Noticed a hornet
  6294 | D:7      | Killed a hornet
  6295 | D:7      | Reached skill level 10 in Axes
  6359 | D:7      | Found a radiant altar of Vehumet.
  6467 | D:7      | Noticed a hornet
  6478 | D:7      | Killed a hornet
  6482 | D:7      | Reached XP level 10. HP: 71/79 MP: 10/10
  6489 | D:7      | Reached skill level 11 in Axes
  6493 | D:7      | Reached skill level 1 in Dodging
  7110 | D:7      | Found a hide-covered altar of Uskayaw.
  7423 | D:8      | Reached skill level 12 in Axes
  7730 | D:8      | Noticed Amaemon
  7735 | D:8      | Noticed an orange demon
  7747 | D:8      | Killed Amaemon
  7748 | D:8      | Reached skill level 5 in Dodging
  7748 | D:8      | Reached XP level 11. HP: 42/84 MP: 4/11
  8169 | D:8      | Reached skill level 1 in Maces & Flails
  8194 | D:8      | Reached skill level 5 in Shields
  9401 | D:9      | Found a staircase to the Lair.
  9444 | D:9      | Noticed a boulder beetle
  9458 | D:9      | Killed a boulder beetle
  9631 | D:9      | Found a stormy altar of Qazlal.
  9658 | D:9      | Became a worshipper of Qazlal Stormbringer
 10117 | Lair:1   | Entered Level 1 of the Lair of Beasts
 10327 | Lair:1   | Reached XP level 12. HP: 94/94 MP: 12/12
 10374 | Lair:1   | Reached skill level 13 in Axes
 11322 | D:10     | Entered Level 10 of the Dungeon
 11362 | D:10     | Identified a scroll of acquirement
 11362 | D:10     | Acquired the ring "Qayhin" {EV+5 Dex+5}
 11481 | D:10     | Reached * piety under Qazlal
 11481 | D:10     | Noticed Josephine
 11505 | D:10     | Killed Josephine
 11748 | D:10     | Identified the +5 chain mail of Depression {SInv}
 11786 | D:10     | Reached skill level 1 in Invocations
 11988 | D:10     | Noticed a two-headed ogre
 11995 | D:10     | Killed a two-headed ogre
 11996 | D:10     | Reached skill level 10 in Fighting
 12014 | D:10     | Reached skill level 14 in Axes
 12052 | D:10     | Found a flagged portal.
 12064 | Bailey   | Entered a bailey
 12226 | Bailey   | Reached ** piety under Qazlal
 12330 | Bailey   | Found an iron altar of Okawaru.
 12345 | Bailey   | Got Sif Muna's Compilation of the Flock and Thunder
 12544 | D:10     | Identified the +5 ring mail "Eptamyi" {rElec}
 12586 | D:10     | Found a glowing golden altar of the Shining One.
 12857 | D:11     | Reached XP level 13. HP: 104/104 MP: 16/16
 12860 | D:11     | Reached skill level 5 in Invocations
 13065 | D:11     | Found a runed translucent gate.
 13070 | D:11     | Found a staircase to the Orcish Mines.
 13156 | D:11     | Reached *** piety under Qazlal
 13351 | D:11     | Noticed a ten-headed hydra
 13352 | D:11     | Found a runed translucent gate.
 13352 | D:11     | Noticed testman's ghost (journeyman FoFi)
 13353 | D:11     | Found a runed translucent gate.
 14104 | D:12     | Noticed Rupert
 14128 | D:12     | HP: 5/106 [Rupert/+4 triple sword of freezing (20)]
 14129 | D:12     | Mangled by Rupert

Illustrated notes

Levels and vault maps discovered:
D:1:      dpeg_arrival_lava_temple_mockup, layout_basic,
          shapermc_ecumenical_altar_pompeii, kennysheep_flooded_box
D:2:      layout_basic, serial_shops, nicolae_shop_behind_doors
D:3:      layout_loops_cross, serial_glass, glass_columns_b, glass_columns_a,
          glass_columns_a, glass_columns_b, serial_shops,
          nicolae_shop_competitors_out_of_business, minivault_24
D:4:      layout_basic, nicolae_yredelemnul_corpse_copse,
          overflow_temple_1_default
D:5:      layout_basic, mainiacjoe_overflow_alcove_4,
          mainiacjoe_overflow_24_doors, lightli_ossuary_entry_decrepit_ruins,
          nicolae_underground_beach
D:6:      layout_basic, minmay_temple_entry_gardened_gates,
          minmay_misc_feat_nine_boxes, kennysheep_potato, uniq_grinder
D:7:      nzn_winding_woodlands_stair_cross
          [nzn_winding_woodlands_5x15_river_crossing,
          nzn_winding_woodlands_center_lodge,
          nzn_winding_woodlands_5x15_crooked,
          nzn_winding_woodlands_5x5_closed_star,
          nzn_winding_woodlands_5x5_open_star,
          nzn_winding_woodlands_5x15_split_checker,
          nzn_winding_woodlands_center_garden,
          nzn_winding_woodlands_5x15_pathside_ponds], layout_loops_ring,
          eat_drink_and_be_merry_uskayaw, vehumet_crystals, minitemple
D:8:      layout_layer_cave, minmay_gold_behind_fungi, uniq_amaemon
D:9:      layout_basic, old_standard_altar, minmay_lair_entry_grove,
          nzn_sisyphean_effort
D:10:     layout_rooms, nicolae_tso_swordbearing_angel, enter_bailey_6,
          uniq_josephine
D:11:     layout_stronghold, erik_orc_4, gammafunk_ghost_hydra_chop
D:12:     layout_gridville, minivault_1, minmay_lindwurm_lava, uniq_rupert
Temple:   hellmonk_temple_rainy
Lair:1:   layout_small_grid, worms_lemuel, infiniplex_staircase_pool,
          serial_bayou_shore_a, serial_bayou_shore_b

Skill      XL: |  1  2  3  4  5  6  7  8  9 10 11 12 13 |
---------------+----------------------------------------+-----
Axes           | 3 4 5 7 8 10 12 14 | 14.7
Fighting       | 4 5 6 7 8 10 11 | 11.3
Armour         | 4 6 7 |  7.0
Dodging        | 5 |  5.0
Maces & Flails | 4 |  4.3
Shields        | 8 9 |  9.0
Invocations    | 4 6 |  6.6

Action                   |  1- 3 |  4- 6 |  7- 9 | 10-12 | 13-15 || total
-------------------------+-------+-------+-------+-------+-------++-------
Melee: War axe           |    98 |   117 |   279 |   174 |       ||   668
       Short sword       |       |       |     4 |       |       ||     4
       Battleaxe         |       |       |       |   348 |   116 ||   464
       Demon whip        |       |       |       |    74 |       ||    74
Throw: Dart              |       |       |     5 |     2 |       ||     7
       Throwing net      |       |       |     1 |       |       ||     1
Evoke: Wand              |       |       |     6 |     8 |       ||    14
  Use: Scroll            |       |    11 |     5 |     7 |     1 ||    24
       Potion            |       |       |     1 |     5 |     3 ||     9
 Stab: Held in net/web   |       |       |     1 |       |       ||     1
       Paralysed         |       |       |       |     2 |       ||     2
       Invisible         |       |       |       |       |     1 ||     1
Armor: Scale mail        |    18 |       |       |       |       ||    18
       Chain mail        |    23 |    16 |       |    28 |    18 ||    85
       Plate armour      |       |    54 |   120 |   178 |       ||   352
Dodge: Dodged            |    37 |    31 |    81 |   220 |    58 ||   427
Block: Buckler           |    23 |    28 |    55 |   193 |    17 ||   316
       Kite shield       |       |       |       |       |    68 ||    68

Table legend: (Time is in decaauts)
 A = Elapsed time spent in this place.
 B = Non-inter-level travel time spent in this place.
 C = Inter-level travel time spent in this place.
 D = Time resting spent in this place.
 E = Time spent auto-exploring this place.
 F = Levels seen in this place.
 G = Mean time per level.
                   A        B        C        D        E       F      G
               +--------+--------+--------+--------+--------+-----+--------+
         Total |  14258 |  13829 |    429 |   2661 |   7819 |  16 |  891.1 |
       Dungeon |  12188 |  11814 |    374 |   2228 |   7039 |  12 | 1015.7 |
        Temple |     32 |     22 |     10 |      0 |      9 |   1 |   32.0 |
          Lair |   1205 |   1160 |     45 |    232 |    717 |   1 | 1205.0 |
       Ossuary |    485 |    485 |      0 |     79 |      0 |   1 |  485.0 |
        Bailey |    347 |    347 |      0 |    122 |     52 |   1 |  347.0 |
               +--------+--------+--------+--------+--------+-----+--------+

Top non-repeatable levels by time:
     D:8: 1481 daAuts
     D:5: 1459 daAuts
     D:6: 1410 daAuts
     D:7: 1312 daAuts
  Lair:1: 1205 daAuts
     D:9: 1138 daAuts
    D:10: 1034 daAuts
     D:1: 1028 daAuts
    D:11: 954 daAuts
     D:3: 698 daAuts
     D:4: 624 daAuts
     D:2: 565 daAuts
 Ossuary: 485 daAuts
    D:12: 479 daAuts
  Bailey: 347 daAuts
